 Dungeon Crawl Stone Soup version 0.29.1-2-gbd0b4ee654 (webtiles) character file.

Game seed: 6460949975963486916

3 funnyparkerb the Poker (level 1, 16/16 HPs)
             Began as a Merfolk Gladiator on Nov 13, 2022.
             Quit the game on level 1 of the Dungeon.
             The game lasted 00:00:46 (121 turns).

funnyparkerb the Poker (Merfolk Gladiator)           Turns: 121, Time: 00:00:46

Health: 16/16      AC:  4    Str: 14    XL:     1   Next: 50%
Magic:  1/1        EV: 11    Int:  7    God:
Gold:   11         SH:  7    Dex: 15    Spells: 0/0 levels left

rFire   . . .      SeeInvis .   a - +0 trident
rCold   . . .      Faith    .   g - +0 kite shield
rNeg    . . .      Spirit   .   b - +0 leather armour
rPois   .          Reflect  .   c - +0 helmet
rElec   .          Harm     .   (no cloak)
rCorr   .          Rampage  .   (no gloves)
Will    .....                   (no boots)
Stlth   +.........              (no amulet)
HPRegen 0.05/turn               (no ring)
MPRegen 0.07/turn               (no ring)

@: no status effects
A: (nimble swimmer 2), mertail
a: no special abilities


You were on level 1 of the Dungeon.
You visited 1 branch of the dungeon, and saw 1 of its levels.

You collected 11 gold pieces.

Inventory:

Hand Weapons
 a - a +0 trident (weapon)
Missiles
 d - 3 throwing nets (quivered)
 e - a javelin
Armour
 b - a +0 leather armour (worn)
 c - a +0 helmet (worn)
 g - a +0 kite shield (worn)
Scrolls
 h - a scroll of brand weapon {unknown}
Potions
 f - 2 potions of flight {unknown}


   Skills:
 - Level 2.1 Fighting
 + Level 4.3 Polearms
 - Level 2.0 Throwing
 - Level 4.0 Dodging


You couldn't memorise any spells.
You didn't know any spells.
Your spell library was empty.

Dungeon Overview and Level Annotations

Branches:
Dungeon (1/15)

Altars:


Innate Abilities, Weirdness & Mutations

((You are very nimble when in or above water. (Stealth+, EV+, Speed+++)))
Your lower body shifts to a powerful aquatic tail in water.


Message History

You kill the endoplasm!
Reach: a) +0 trident
Press: ? - help, Dir - move target, f - you
Okay, then.
Reach: a) +0 trident
Press: ? - help, Dir - move target, f - hobgoblin
Aim: a hobgoblin (about 40% to evade your +0 trident)
You reach to attack!
You hit the hobgoblin.
The hobgoblin is heavily wounded.
Reach: a) +0 trident
Press: ? - help, Dir - move target, f/p - hobgoblin
Aim: a hobgoblin (heavily wounded, about 40% to evade your +0 trident)
You hit the hobgoblin but do no damage.
The hobgoblin is heavily wounded.
The hobgoblin hits you.
Reach: a) +0 trident
Press: ? - help, Dir - move target, f/p - hobgoblin
Aim: a hobgoblin (heavily wounded, about 40% to evade your +0 trident)
You hit the hobgoblin.
You kill the hobgoblin!
Reach: a) +0 trident
Press: ? - help, Dir - move target, f - kobold
Aim: a kobold, wielding a +0 dagger (about 47% to evade your +0 trident)
You reach to attack!
You hit the kobold.
You kill the kobold!
A giant cockroach comes into view.
You see here a +0 dagger.
Reach: a) +0 trident
Press: ? - help, Dir - move target, f - giant cockroach
Aim: a giant cockroach (about 40% to evade your +0 trident)
You reach to attack!
You hit the giant cockroach.
The giant cockroach is almost dead.
You block the giant cockroach's attack.
Reach: a) +0 trident
Press: ? - help, Dir - move target, f/p - giant cockroach
Aim: a giant cockroach (almost dead, about 40% to evade your +0 trident)
You hit the giant cockroach but do no damage.
The giant cockroach is almost dead.
The giant cockroach bites you but does no damage.
Are you sure you want to abandon this character and quit the game? (Confirm with "yes".)

#...##########
###.........#...
#.'.........#...
#####.#.........'...
#.....##############
#.###......#
#........#
#.##.....# #@#
.....# .......B#
#.##.# ......... #.
.# .......... .. .
.........#. ##.
.........###
.........#
.........#


You could see a giant cockroach.

Vanquished Creatures
  An endoplasm (D:1)
  A hobgoblin (D:1)
  A kobold (D:1)
3 creatures vanquished.

Notes
Turn   | Place    | Note
-------+----------+-------------------------------------------
     0 | D:1      | funnyparkerb the Merfolk Gladiator began the quest for the
                  | Orb.
     0 | D:1      | Reached XP level 1. HP: 16/16 MP: 1/1
   121 | D:1      | Quit the game

Illustrated notes

Levels and vault maps discovered:
D:1:      minmay_arrival_widening_spiral_wide, layout_loops_ring,
          shapermc_ecumenical_altar_acropolis

Action                   || total
-------------------------++-------
Melee: Trident           ||     7
Armor: Leather armour    ||     1
Block: Kite shield       ||     1
